 Dungeon Crawl Stone Soup version 0.31.0-11-ge490571c62 (webtiles) character file.

Game seed: 17365492967211831239

21 qw the Shooter (level 2, -2/14 HPs)
             Began as a Spriggan Hunter on Feb 4, 2024.
             Slain by a ribbon worm (7 damage)
             ... on level 2 of the Dungeon.
             The game lasted 00:00:02 (839 turns).

qw the Shooter (Spriggan Hunter)                     Turns: 839, Time: 00:00:02

Health: -2/14      AC:  2    Str:  7    XL:     2   Next: 62%
Magic:  3/3        EV: 10    Int: 10    God:
Gold:   58         SH:  0    Dex: 18    Spells: 1/1 levels left

rFire   . . .        a - +0 shortbow
rCold   . . .        (shield currently unavailable)
rNeg    . . .        c - +0 robe
rPois   .            (helmet restricted)
rElec   .            (no cloak)
rCorr   .            (gloves unavailable)
SInv    +            (boots unavailable)
Will    .....        (no amulet)
Stlth   ++           (no ring)
HPRegen 0.22/turn    (no ring)
MPRegen 0.08/turn

%: no passive effects
@: held, very quick
A: very small, no large weapons, unfitting armour, see invisible, speed 3
a: no special abilities


You were on level 2 of the Dungeon.
You visited 1 branch of the dungeon, and saw 2 of its levels.

You collected 58 gold pieces.


Innate Abilities, Weirdness & Mutations

You are very small and have problems with some larger weapons.
You are too small for most types of armour.
You have supernaturally acute eyesight. (SInv)
You cover ground extremely quickly. (Speed+++)


   Skills:
 - Level 1.5 Fighting
 + Level 4.2 Ranged Weapons
 - Level 4.0 Dodging
 - Level 1.5 Stealth


You had one spell level left.
You didn't know any spells.
Your spell library was empty.

Inventory:

Hand Weapons
 a - a +0 shortbow (weapon)
Armour
 b - a +0 cloak
 c - a +0 robe (worn)
Scrolls
 d - a scroll of blinking {unknown}
 f - a scroll of identify

Dungeon Overview and Level Annotations

Branches:
Dungeon (2/15)

Altars:


Message History

You see here a staff of fire.
An endoplasm comes into view.
You shoot an arrow. The arrow hits the endoplasm.
The endoplasm is moderately wounded.
You shoot an arrow. The arrow hits the endoplasm.
The endoplasm is heavily wounded.
The endoplasm closely misses you.
You shoot an arrow. The arrow hits the endoplasm.
The endoplasm is heavily wounded.
The endoplasm completely misses you.
You shoot an arrow. The arrow hits the endoplasm!
You kill the endoplasm!
b - a +0 cloak
There is a stone staircase leading up here.
d - a scroll labelled CECAR QUJODODD A ribbon worm comes into view.
Found a stone staircase leading down.
You shoot an arrow. The arrow hits the ribbon worm!
The ribbon worm is heavily wounded.
A ribbon worm comes into view.
You shoot an arrow.
The arrow hits the ribbon worm but does no damage.
The ribbon worm is moderately wounded.
You shoot an arrow. The arrow hits the ribbon worm.
The ribbon worm is severely wounded.
The ribbon worm expels a string of sticky webbing.
The stream of webbing hits you but does no damage.
You are caught in a web!
An adder comes into view.
The ribbon worm expels a string of sticky webbing.
The stream of webbing hits you but does no damage.
You are even more entangled.
The ribbon worm expels a string of sticky webbing.
The stream of webbing misses you. The ribbon worm bites you.
The ribbon worm bites you. The ribbon worm bites you.
The ribbon worm bites you. The ribbon worm bites you!
Ouch! That really hurt!
You die...

#.####...#######.####.....
#.###..### #.# ####<#
######.#...## ..# #.#
.......#.### #.## #.#
########..# .. #.#
.........## #.# ..#
###....#.####### ##.# .##
#..####.......##....# .
#.. #######.@..# .. #
#ww.## ...#....
....######.. ...... ......
.....> ......


You could see 2 ribbon worms.

Vanquished Creatures
  A dart slug (D:1)
  2 bats (D:1)
  2 endoplasms
  A giant cockroach (D:1)
  2 goblins (D:1)
  4 hobgoblins (D:1)
  2 frilled lizards (D:1)
  2 kobolds (D:1)
  A rat (D:1)
17 creatures vanquished.

Notes
Turn   | Place    | Note
-------+----------+-------------------------------------------
     0 | D:1      | qw the Spriggan Hunter began the quest for the Orb.
     0 | D:1      | Reached XP level 1. HP: 10/10 MP: 2/2
     0 | D:1      | 0 ||| qw: Version: 0.3-a-160-g6735b56
     0 | D:1      | 0 ||| qw: Game counter: 4372
     0 | D:1      | 0 ||| qw: Melee chars always use a shield: true
     0 | D:1      | 0 ||| qw: God list: Okawaru
     0 | D:1      | 0 ||| qw: Allow faded altars: false
     0 | D:1      | 0 ||| qw: Do Orc after clearing Dungeon:15 true
     0 | D:1      | 0 ||| qw: Do second Lair branch before Depths: true
     0 | D:1      | 0 ||| qw: Lair rune preference: random
     0 | D:1      | 0 ||| qw: Goals: Normal
     0 | D:1      | 0 ||| PLANNING D:1-11
    39 | D:1      | Reached skill level 3 in Dodging
   125 | D:1      | Found a faded altar of an unknown god.
   271 | D:1      | Reached XP level 2. HP: 14/14 MP: 3/3
   692 | D:1      | 692 ||| READING scroll labelled OLATON ZUTINK.
   693 | D:1      | 693 ||| READING 2 scrolls labelled FUANNA ZEMO.
   693 | D:1      | 693 ||| IDENTIFYING fuming amethyst potion
   694 | D:1      | 694 ||| DROPPING scroll of butterflies.
   695 | D:1      | 695 ||| DROPPING potion of attraction.
   839 | D:2      | Slain by a ribbon worm

Levels and vault maps discovered:
D:1:      dpeg_arrival_water_temple_mockup, layout_basic,
          shapermc_ecumenical_altar_mp_urbaneastern, minmay_tetromino_i4
D:2:      layout_rooms, serial_shops, nicolae_book_shop_shelving, basic_altar

Skill      XL: |  1  2 |
---------------+-------+-----
Dodging        | 3 4 |  4.0
Fighting       | |  1.5
Ranged Weapons | |  4.2
Stealth        | |  1.5

Action                     || total
---------------------------++-------
   Fire: Shortbow          ||    39
    Use: Scroll            ||     2
 Armour: Robe              ||     9
  Dodge: Dodged            ||    14

Table legend:
 A = Non-vault XP
 B = Vault XP
 C = Vault XP percentage of total XP
 D = Non-vault monster count
 E = Vault monster count
 F = Vault count percentage of total count
                 A         B        C        D         E       F
            +---------+---------+-------+---------+---------+-------
      Total |      24 |       6 |  20.0 |      14 |       3 |  17.6
            +---------+---------+-------+---------+---------+-------
        D:1 |      22 |       6 |  21.4 |      13 |       3 |  18.8
        D:2 |       2 |       0 |   0.0 |       1 |       0 |   0.0
            +---------+---------+-------+---------+---------+-------
